 Dungeon Crawl Stone Soup version 0.29.1-1-gd02db6906a (webtiles) character file.

Game seed: 8416480507490771612

3781 juncz the Frost Mage (level 10, -3/111 HPs)
             Began as a Gnoll Ice Elementalist on Sept 28, 2022.
             Was an Initiate of Ashenzari.
             Slain by a death yak (17 damage)
             ... on level 8 of the Dungeon.
             The game lasted 00:17:17 (8562 turns).

juncz the Frost Mage (Gnoll Ice Elementalist)       Turns: 8562, Time: 00:17:18

Health: -3/111     AC: 33    Str: 10    XL:     10   Next: 16%
Magic:  3/20       EV:  2    Int: 19    God:    Ashenzari [......]
Gold:   304        SH:  5    Dex: 13    Spells: 15/23 levels left

rFire   . . .      SeeInvis .   w - staff of earth
rCold   . . .      Faith    .   (no shield)
rNeg    + . .      Spirit   .   (body armour currently unavailable)
rPois   +          Reflect  +   (helmet currently unavailable)
rElec   .          Harm     .   (cloak currently unavailable)
rCorr   .          Rampage  .   (gloves currently unavailable)
Will    +....      NoTele   +   (boots currently unavailable)
Stlth   +++.......              F - amulet of reflection
HPRegen 0.28/turn               x - ring "Tobu" {rPois Will+ Str+3}
MPRegen 0.17/turn               y - ring of positive energy

@: ice-armoured, tree-form, freezing walls
A: stationary, stasis, torment immunity, boosted hp, (fangs 1), strong nose,
distributed training
a: Renounce Religion, Curse Item


You were on level 8 of the Dungeon.
You worshipped Ashenzari.
Ashenzari was noncommittal.
You were a tree.
You visited 2 branches of the dungeon, and saw 9 of its levels.

You collected 304 gold pieces.

Inventory:

Hand Weapons
 r - a +1 whip of pain
Missiles
 l - 3 poisoned darts
 D - 2 throwing nets
Armour
 a - a +0 robe (melded)
 p - a +0 hat (melded)
Magical Staves
 w - a staff of earth (weapon)
Jewellery
 x - the ring "Tobu" (left branch) {rPois Will+ Str+3}
   (You acquired it on level 5 of the Dungeon)

   [ring of poison resistance]

   Str:       It affects your strength (+3).
   rPois:     It protects you from poison.
   Will:      It increases your willpower.
 y - a ring of positive energy (right branch)
 B - a ring of resist corrosion
 F - an amulet of reflection (around neck)
Wands
 s - a wand of flame (20)
Scrolls
 f - 3 scrolls of silence
 g - 3 scrolls of immolation
 n - 2 scrolls of teleportation
 q - a scroll of fog
 v - 2 scrolls of magic mapping
 A - 2 scrolls of poison {unknown}
 C - a scroll of enchant weapon {unknown}
 E - 2 scrolls of noise {unknown}
Potions
 b - 2 potions of magic
 d - 3 potions of flight
 e - 4 potions of might
 h - 2 potions of lignification
 i - a potion of heal wounds
 j - a potion of haste {unknown}
 k - a potion of ambrosia {unknown}
 m - 3 potions of curing
 o - a potion of invisibility {unknown}
 t - 2 potions of berserk rage {unknown}
 u - 2 potions of brilliance {unknown}
 z - a potion of cancellation {unknown}


   Skills:
 + Level 5.2 Fighting
 + Level 5.2 Short Blades
 + Level 5.2 Long Blades
 + Level 5.2 Axes
 + Level 5.2 Maces & Flails
 + Level 5.2 Polearms
 + Level 5.2 Staves
 + Level 5.2 Ranged Weapons
 + Level 5.2 Throwing
 + Level 5.2 Armour
 + Level 7.0 Dodging
 + Level 6.7 Stealth
 + Level 5.2 Shields
 + Level 5.2 Unarmed Combat
 + Level 7.3 Spellcasting
 + Level 4.3 Conjurations
 + Level 4.3 Hexes
 + Level 4.3 Summonings
 + Level 4.3 Necromancy
 + Level 4.3 Translocations
 + Level 4.3 Transmutations
 + Level 4.3 Fire Magic
 + Level 8.4 Ice Magic
 + Level 4.3 Air Magic
 + Level 4.3 Earth Magic
 + Level 4.3 Poison Magic
 + Level 5.7 Invocations
 + Level 5.2 Evocations


You had 15 spell levels left.
You knew the following spells:

 Your Spells              Type           Power      Damage    Failure   Level
a - Freeze                Ice            100%       1d11      1%          1
b - Frozen Ramparts       Ice            76%        1d12      1%          3
c - Ozocubu's Armour      Ice            38%        N/A       1%          3
d - Sandblast             Erth           68%        2d15      1%          1

Your spell library contained the following spells:

 Spells                   Type           Power      Damage    Failure   Level
 Necrotise                Necr           92%        1d8       1%          1
 Passwall                 Tmut/Erth      28%        N/A       2%          2
 Sublimation of Blood     Necr           23%        N/A       2%          2
 Wereblood                Tmut           23%        N/A       2%          2
 Call Canine Familiar     Summ           23%        N/A       4%          3
 Confusing Touch          Hex            23%        N/A       4%          3
 Inner Flame              Hex/Fire       23%        N/A       4%          3
 Portal Projectile        Hex/Tloc       46%        N/A       4%          3
 Stone Arrow              Conj/Erth      68%        3d11      4%          3
 Vampiric Draining        Necr           23%        2d7       4%          3
 Hailstorm                Conj/Ice       31%        3d8       7%          4
 Cause Fear               Hex            11%        N/A       17%         4
 Leda's Liquefaction      Hex/Erth       17%        N/A       17%         4
 Agony                    Necr           23%        N/A       43%         5
 Yara's Violent Unravell  Hex/Tmut       11%        3d6       43%         5
 Enfeeble                 Hex            11%        N/A       100%        7
 Summon Hydra             Summ           11%        N/A       100%        7
 Discord                  Hex            11%        N/A       100%        8


Dungeon Overview and Level Annotations

Branches:
Dungeon (8/15)             Temple (1/1) D:5            Lair (0/5) D:8

Altars:
Ashenzari
Cheibriados
Dithmenos
Elyvilon
Fedhas
Gozag
Hepliaklqana
Makhleb
Nemelex Xobeh
Okawaru
Qazlal
Ru
Sif Muna
Trog
Uskayaw
Vehumet
Wu Jian
Xom
Yredelemnul
Zin
The Shining One

Annotations:
D:8 1 transporter


Innate Abilities, Weirdness & Mutations

You are a tree.
Your roots penetrate the ground, keeping you stationary.
You cannot be teleported.
You are immune to unholy pain and torment.
Your maximum health is greatly increased.
Your equipment is partially melded.
((You have very sharp teeth.))
Your uncanny sense of smell can sniff out nearby items.
Your experience applies equally to all skills.


Message History

Casting: Freeze (safe; 1% risk of failure)
Confirm with . or Enter, or press ? or * to list all spells.
Aiming: Freeze (safe; 1% risk of failure)
Press: ? - help, Shift-Dir - straight line, f/p - death yak
Aim: a death yak (almost dead)
You freeze the death yak!
You kill the death yak!
The wall freezes the death yak.
Your Fighting skill increases to level 5!
Your Short Blades skill increases to level 5!
Your Long Blades skill increases to level 5!
Your Axes skill increases to level 5!
Your Maces & Flails skill increases to level 5!
Your Polearms skill increases to level 5!
Your Staves skill increases to level 5!
Your Ranged Weapons skill increases to level 5!
Your Throwing skill increases to level 5!
Your Armour skill increases to level 5!
Your Dodging skill increases to level 7!
Your Shields skill increases to level 5!
Your Unarmed Combat skill increases to level 5!
Your Evocations skill increases to level 5!
You have reached level 10!
Casting: Freeze (safe; 1% risk of failure)
Confirm with . or Enter, or press ? or * to list all spells.
Aiming: Freeze (safe; 1% risk of failure)
Press: ? - help, Shift-Dir - straight line, f - death yak
Aim: a death yak (severely wounded)
You freeze the death yak.
The death yak is severely wounded.
The frozen ramparts melt away.
The death yak gores you.
* * * LOW HITPOINT WARNING * * *
Casting: Freeze (safe; 1% risk of failure)
Confirm with . or Enter, or press ? or * to list all spells.
Casting: Frozen Ramparts (safe; 1% risk of failure)
Press: ? - help, Dir - look around, f - activate The walls around you are covered in ice.
The wall freezes the death yak but does no damage.
The death yak gores you!
You die...

#.#.#.###..##.####.#
...<......>...#..#.#
#.#####..........#.#
#.........(..)#..#.#
#..###......#.#....#
.....#......#.#..###
......####..#.####
..o..)..Y...#....#
.......##...####♣#
......###...####Y#
.#.....Y....#....#
...##.####.YY.####
... ..# #.##.# Y..
... #.##.# . ...
#.#### #.# #.#


You could see a death yak.

Vanquished Creatures
  A death yak (D:8)
  3 yaks (D:8)
  A steam dragon (D:5)
  A water moccasin (D:7)
  4 ice beasts
  A black bear (D:5)
  An ogre (D:4)
  4 phantoms
  A kobold brigand (D:6)
  Blork the orc (D:5)
  5 bullfrogs
  5 scorpions
  5 howler monkeys
  A jelly (D:7)
  4 orc priests
  2 hounds
  2 gnoll boudas
  An iguana (D:5)
  5 orc wizards
  A hell rat (D:8)
  12 gnolls
  11 adders
  A shadow imp (D:5)
  A white imp (D:6)
  2 worms
  2 dart slugs (D:3)
  27 orcs
  3 ball pythons
  3 bats
  2 endoplasms
  4 giant cockroaches
  4 goblins
  2 hobgoblins
  4 jackals (D:4)
  2 quokkas
  A frilled lizard (D:3)
  9 kobolds
  4 rats
143 creatures vanquished.

Notes
Turn   | Place    | Note
-------+----------+-------------------------------------------
     0 | D:1      | juncz the Gnoll Ice Elementalist began the quest for the
                  | Orb.
     0 | D:1      | Reached XP level 1. HP: 13/13 MP: 6/6
   135 | D:1      | Reached XP level 2. HP: 16/19 MP: 5/7
   453 | D:1      | Found a faded altar of an unknown god.
   856 | D:2      | Reached skill level 5 in Spellcasting
   856 | D:2      | Reached XP level 3. HP: 23/25 MP: 4/9
   860 | D:2      | Learned a level 3 spell: Frozen Ramparts
   864 | D:2      | Learned a level 3 spell: Ozocubu's Armour
  1025 | D:2      | Reached skill level 1 in Invocations
  1243 | D:2      | Reached skill level 1 in Fighting
  1243 | D:2      | Reached skill level 1 in Short Blades
  1243 | D:2      | Reached skill level 1 in Long Blades
  1243 | D:2      | Reached skill level 1 in Axes
  1243 | D:2      | Reached skill level 1 in Maces & Flails
  1243 | D:2      | Reached skill level 1 in Polearms
  1243 | D:2      | Reached skill level 1 in Staves
  1243 | D:2      | Reached skill level 1 in Ranged Weapons
  1243 | D:2      | Reached skill level 1 in Throwing
  1243 | D:2      | Reached skill level 1 in Armour
  1243 | D:2      | Reached skill level 1 in Shields
  1243 | D:2      | Reached skill level 1 in Unarmed Combat
  1243 | D:2      | Reached skill level 1 in Evocations
  1566 | D:3      | Learned a level 1 spell: Sandblast
  1652 | D:3      | Reached XP level 4. HP: 28/32 MP: 6/11
  1956 | D:3      | Reached skill level 1 in Conjurations
  1956 | D:3      | Reached skill level 1 in Hexes
  1956 | D:3      | Reached skill level 1 in Summonings
  1956 | D:3      | Reached skill level 1 in Necromancy
  1956 | D:3      | Reached skill level 1 in Translocations
  1956 | D:3      | Reached skill level 1 in Transmutations
  1956 | D:3      | Reached skill level 1 in Fire Magic
  1956 | D:3      | Reached skill level 1 in Air Magic
  1956 | D:3      | Reached skill level 1 in Earth Magic
  1956 | D:3      | Reached skill level 1 in Poison Magic
  2706 | D:4      | Reached XP level 5. HP: 37/37 MP: 8/12
  3060 | D:4      | Noticed an ogre
  3069 | D:4      | Killed an ogre
  3070 | D:4      | Reached XP level 6. HP: 44/44 MP: 3/14
  3176 | D:4      | Reached skill level 5 in Dodging
  3529 | D:4      | Reached XP level 7. HP: 37/50 MP: 8/15
  3859 | D:5      | Entered Level 5 of the Dungeon
  3948 | D:5      | Noticed Blork the orc
  3952 | D:5      | Killed Blork the orc
  4201 | D:5      | Reached skill level 5 in Stealth
  4471 | D:5      | Reached XP level 8. HP: 30/58 MP: 13/16
  4844 | D:5      | Found a staircase to the Ecumenical Temple.
  5375 | Temple   | Entered the Ecumenical Temple
  5555 | Temple   | Became a worshipper of Ashenzari the Shackled
  5649 | D:5      | Identified the +8 hand axe of Grontol {distort, Drain rN+
                  | Str+3}
  5803 | D:5      | Identified a scroll of acquirement
  5804 | D:5      | Acquired the ring "Tobu" {rPois Will+ Str+3}
  6396 | D:6      | Reached XP level 9. HP: 57/65 MP: 13/18
  6624 | D:7      | Found a hide-covered altar of Uskayaw.
  6626 | D:7      | Found a stormy altar of Qazlal.
  6747 | D:7      | Reached skill level 8 in Ice Magic
  7549 | D:7      | Reached skill level 5 in Invocations
  8251 | D:8      | Found a transporter.
  8533 | D:8      | Found a staircase to the Lair.
  8534 | D:8      | Noticed a death yak
  8534 | D:8      | Noticed a death yak
  8537 | D:8      | Noticed a death yak
  8560 | D:8      | Killed a death yak
  8561 | D:8      | Reached skill level 5 in Fighting
  8561 | D:8      | Reached skill level 5 in Short Blades
  8561 | D:8      | Reached skill level 5 in Long Blades
  8561 | D:8      | Reached skill level 5 in Axes
  8561 | D:8      | Reached skill level 5 in Maces & Flails
  8561 | D:8      | Reached skill level 5 in Polearms
  8561 | D:8      | Reached skill level 5 in Staves
  8561 | D:8      | Reached skill level 5 in Ranged Weapons
  8561 | D:8      | Reached skill level 5 in Throwing
  8561 | D:8      | Reached skill level 5 in Armour
  8561 | D:8      | Reached skill level 5 in Shields
  8561 | D:8      | Reached skill level 5 in Unarmed Combat
  8561 | D:8      | Reached skill level 5 in Evocations
  8561 | D:8      | Reached XP level 10. HP: 15/74 MP: 7/20
  8562 | D:8      | Slain by a death yak

Illustrated notes

Levels and vault maps discovered:
D:1:      dpeg_arrival_simpleton_a, layout_basic, ebering_ecumenical_altar_box
D:2:      layout_rooms, serial_bayou_pond_c, nrook_mini_backslash,
          grunt_ministairs_8
D:3:      layout_loops_cross, grunt_ministairs_3, hex_tiny,
          minmay_misc_feat_alley
D:4:      layout_basic
D:5:      layout_basic, temple_green, uniq_blork_the_orc
D:6:      layout_cave_pools
D:7:      layout_basic, chequers_temple_overflow_statue_of_worship,
          minmay_misc_feat_secret_circle
D:8:      layout_basic, dpeg_lair_monsters, nicolae_diode_intersection
Temple:   nicolae_temple_bog_church

Skill      XL: |  1  2  3  4  5  6  7  8  9 |
---------------+----------------------------+-----
Spellcasting   | 5 6 7 |  7.3
Invocations    | 1 2 3 4 5 |  5.7
Fighting       | 1 2 3 5 |  5.2
Short Blades   | 1 2 3 5 |  5.2
Long Blades    | 1 2 3 5 |  5.2
Axes           | 1 2 3 5 |  5.2
Maces & Flails | 1 2 3 5 |  5.2
Polearms       | 1 2 3 5 |  5.2
Staves         | 1 2 3 5 |  5.2
Ranged Weapons | 1 2 3 5 |  5.2
Throwing       | 1 2 3 5 |  5.2
Armour         | 1 2 3 5 |  5.2
Shields        | 1 2 3 5 |  5.2
Unarmed Combat | 1 2 3 5 |  5.2
Evocations     | 1 2 3 5 |  5.2
Conjurations   | 1 2 3 4 |  4.3
Hexes          | 1 2 3 4 |  4.3
Summonings     | 1 2 3 4 |  4.3
Necromancy     | 1 2 3 4 |  4.3
Translocations | 1 2 3 4 |  4.3
Transmutations | 1 2 3 4 |  4.3
Fire Magic     | 1 2 3 4 |  4.3
Air Magic      | 1 2 3 4 |  4.3
Earth Magic    | 1 2 3 4 |  4.3
Poison Magic   | 1 2 3 4 |  4.3
Dodging        | 5 6 7 |  7.0
Stealth        | 5 6 |  6.7
Ice Magic      | 8 |  8.4

Action                   |  1- 3 |  4- 6 |  7- 9 | 10-12 || total
-------------------------+-------+-------+-------+-------++-------
Melee: Unarmed           |     3 |       |       |       ||     3
       Whip              |       |     1 |     7 |       ||     8
       Staff             |       |       |     5 |       ||     5
Throw: Dart              |       |     2 |       |       ||     2
 Cast: Freeze            |    36 |    24 |    31 |     1 ||    92
       Sandblast         |     4 |    38 |   128 |       ||   170
       Frozen Ramparts   |       |     8 |    27 |     1 ||    36
       Ozocubu's Armour  |       |     2 |    12 |       ||    14
  Use: Scroll            |       |       |    11 |       ||    11
       Potion            |       |       |     3 |       ||     3
Armor: Robe              |     3 |     7 |    44 |       ||    54
       Skin              |       |       |     1 |       ||     1
Dodge: Dodged            |    26 |    20 |   101 |       ||   147
